 Dungeon Crawl Stone Soup version 0.17.1-3-g152610e (webtiles) character file.

205 MenacingMecha the Scratcher (level 5, -1/24 HPs)
             Began as a Felid Monk on Feb 24, 2016.
             Slain by an orc warrior
             ... wielding a +0 flail
              (15 damage)
             ... on level 2 of the Dungeon.
             The game lasted 00:25:23 (3343 turns).

MenacingMecha the Scratcher (Felid Monk)            Turns: 3343, Time: 00:25:23

Health: -1/24      AC:  1    Str: 14    XL:     5   Next: 53%
Magic:  6/6        EV: 23    Int: 11    God:
Gold:   188        SH:  0    Dex: 20    Spells: 0 memorised, 4 levels left
                                        Lives:  0   Deaths: 1

rFire  . . .     SeeInvis +       - Unarmed
rCold  . . .     Clarity  .     (armour unavailable)
rNeg   . . .     SustAt   .     (shield unavailable)
rPois  .         Gourm    .     (helmet unavailable)
rElec  .         Spirit   .     (cloak unavailable)
rCorr  .         Warding  .     (gloves unavailable)
rMut   .         Stasis   .     (boots unavailable)
MR     .....                    (no amulet)
Stlth  ++++......               s - +2 ring of evasion
                                d - +2 ring of strength

@: mighty, quick, not resistant to hostile enchantments, stealthy
A: no armour, no weapons or thrown items, claws 1, fangs 3, see invisible,
carnivore 3, speed 1, shaggy fur 1, slow metabolism 1, sharp paws
a: no special abilities


You were on level 2 of the Dungeon.
You were very full.

You visited 1 branch of the dungeon, and saw 4 of its levels.

You collected 188 gold pieces.

Inventory:

Jewellery
 b - an uncursed ring of fire
 d - a +2 ring of strength (left paw)
 j - an uncursed ring of protection from fire
 s - a +2 ring of evasion (right paw)
Scrolls
 e - 6 scrolls of remove curse {unknown}
 g - 5 scrolls of identify {unknown}
 h - a scroll of enchant armour {unknown}
 k - a scroll of fog {unknown}
 m - a scroll of amnesia {unknown}
 n - a scroll of noise {unknown}
 p - 2 scrolls of enchant weapon {unknown}
 r - a scroll of fear {unknown}
 v - a scroll of recharging {unknown}
 w - a scroll of teleportation {unknown}
Potions
 u - 2 potions of heal wounds {unknown}
Comestibles
 a - 2 meat rations
 l - 2 beef jerkies


   Skills:
 - Level 3.0 Fighting
 - Level 4.7 Dodging
 + Level 5.5 Stealth
 * Level 6.3 Unarmed Combat


You had 4 spell levels left.
You didn't know any spells.

Dungeon Overview and Level Annotations

Branches:
Dungeon (4/15)
 Temple: D:4-7

Altars:
Cheibriados
Fedhas
The Shining One

Shops:
D:4 !

Annotations:
D:3 orc warrior
D:4 gnolls(halberd)


Innate Abilities, Weirdness & Mutations

You cannot wear armour.
You are incapable of wielding weapons or throwing items.
You have sharp claws.
You have razor-sharp teeth.
You have supernaturally acute eyesight.
You are carnivorous and can eat meat at any time.
You cover ground quickly.
You are covered in fur (AC +1).
You have a slow metabolism.
Your sharp claws are effective at attacking unaware monsters.


Message History

All of the chunks of flesh in your inventory have rotted away.
HP restored.
There is a stone staircase leading down here.
You climb downwards.
Level annotation: orc warrior The orc shouts!
The bat completely misses you.
There is a stone staircase leading up here.
The bat barely misses you. The orc warrior completely misses you.
The orc barely misses you.
You climb upwards.
There is a stone staircase leading down here.
The orc warrior hits you with a flail!
Drink which item? (? for menu, Esc to quit)
You feel very mighty all of a sudden.
You claw the orc warrior!
The orc warrior is heavily wounded.
The orc warrior hits you with a flail!
Ouch! That really hurt!
You die...

#.# #.# ##..# #.# #.#
#.# #...# #.# #.#
#####.######.### #.#
#.# #.........##.#
#.#
#.###.........##.#
#.#
#.............##.#
#.#
#####.........##.####
#.# #...........#...#
#.# #%........##@##.#
#.# #.........##o##.#
#.# #.........#...#.#
#.#
#####........>......#
#.#
.......#####.##...###
#.# ######.# #.###.##
#.## ### #.#
#.##.#.## #..#
..####.# #.#.###>##
##.# .......# #..##
##.# #.#


You could see an orc warrior.

Vanquished Creatures
  A scorpion (D:4)
  A hound (D:4)
  An orc priest (D:3)
  An orc wizard (D:3)
  A worker ant (D:4)
  Robin (D:4)
  6 adders
  An ooze (D:1)
  2 worms (D:2)
  4 giant geckos
  6 orcs
  5 bats
  11 hobgoblins
  6 jackals (D:3)
  2 kobolds
  A ball python (D:2)
  2 giant cockroaches (D:3)
  4 giant newts
  9 goblins
  6 rats
71 creatures vanquished.

Notes
Turn   | Place    | Note
--------------------------------------------------------------
     0 | D:1      | MenacingMecha the Felid Monk began the quest for the Orb.
     0 | D:1      | Reached XP level 1. HP: 10/10 MP: 2/2
   175 | D:1      | Reached XP level 2. HP: 8/14 MP: 3/3
   840 | D:2      | Reached XP level 3. HP: 17/17 MP: 4/4
  1057 | D:2      | Reached XP level 4. HP: 21/21 MP: 5/5
  1441 | D:3      | Reached skill level 5 in Unarmed Combat
  1678 | D:3      | Found a blossoming altar of Fedhas.
  1893 | D:3      | Reached XP level 5. HP: 16/24 MP: 6/6
  2173 | D:3      | Found a snail-covered altar of Cheibriados.
  2233 | D:3      | Noticed an orc warrior
  2315 | D:4      | HP: 1/24 [poisoned by a worker ant]
  2318 | D:4      | Succumbed to poison (a potion of poison)
  2319 | D:4      | Reached XP level 4. HP: -1/21 MP: 5/5
  2346 | D:4      | Reached skill level 5 in Stealth
  2346 | D:4      | Reached skill level 6 in Unarmed Combat
  2346 | D:4      | Reached XP level 5. HP: 24/24 MP: 6/6
  2395 | D:4      | Noticed Robin
  2421 | D:4      | Killed Robin
  2966 | D:4      | Found Kecwimpa's Distillery.
  3006 | D:4      | Found a glowing golden altar of the Shining One.
  3343 | D:2      | Slain by an orc warrior

Action                   |  1- 3 |  4- 6 || total
-------------------------+-------+-------++-------
Melee: Unarmed           |    59 |   127 ||   186
  Use: Potion            |       |     6 ||     6
 Stab: Sleeping          |    10 |     9 ||    19
       Distracted        |       |     2 ||     2
  Eat: Chunk             |     7 |    10 ||    17
